 Dungeon Crawl Stone Soup version 0.31.0-12-g77e489cdc1 (webtiles) character file.

Game seed: 12327327331646880254

1344 Gadfly the Cudgeller (level 8, -1/49 HPs)
             Began as a Gargoyle Fighter on Mar 8, 2024.
             Slain by a komodo dragon (8 damage)
             ... on level 6 of the Dungeon.
             The game lasted 00:06:53 (5128 turns).

Gadfly the Cudgeller (Gargoyle Fighter)             Turns: 5128, Time: 00:06:54

Health: -1/49      AC: 17    Str: 30    XL:     8   Next: 62%
Magic:  11/11      EV:  7    Int:  9    God:
Gold:   335        SH:  4    Dex:  9    Spells: 5/7 levels left

rFire   + . .        b - +2 dagger (venom)
rCold   x . .        c - +0 buckler
rNeg    + . .        f - +0 plate armour
rPois   ∞            (no helmet)
rElec   +            (no cloak)
rCorr   .            (no gloves)
SInv    .            (no boots)
Will    .....        m - amulet of regeneration Stlth
                     e - ring "Medgho" {rF+ rC- Str+8 Slay+4}
HPRegen 1.08/turn    (no ring)
MPRegen 0.12/turn

%: no passive effects
@: about to teleport
A: sickness immunity, AC +5, negative energy resistance 1, electricity
resistance, torment resistance 1, petrification resistance
a: no special abilities


You were on level 6 of the Dungeon.
You visited 1 branch of the dungeon, and saw 6 of its levels.

You collected 335 gold pieces.

Inventory:

Hand Weapons
 a - a +1 heavy mace
 b - a +2 dagger of venom (weapon)
 l - a +0 flail
Armour
 c - a +0 buckler (worn)
 f - a +0 plate armour (worn)
Jewellery
 e - the ring "Medgho" (left hand) {rF+ rC- Str+8 Slay+4}
   (You found it on level 4 of the Dungeon)

   [ring of slaying]

   Str+8:     It affects your strength (+8).
   Slay+4:    It affects your accuracy & damage with ranged weapons and melee
   (+4).
   rF+:       It protects you from fire.
   rC-:       It makes you vulnerable to cold.
 m - an amulet of regeneration (around neck)
Wands
 i - a wand of charming (13)
Scrolls
 j - a scroll of teleportation
 n - a scroll of fear {unknown}
 o - a scroll of identify
 p - a scroll of enchant weapon {unknown}
Potions
 d - 2 potions of might
 g - 2 potions of attraction
 h - 2 potions of curing
 k - a potion of degeneration {unknown}
 q - a potion of heal wounds {unknown}


   Skills:
 + Level 5.1 Fighting
 * Level 5.1 Maces & Flails
 + Level 5.0 Armour
 + Level 4.8 Shields
 * Level 5.0 Invocations
 * Level 4.2 Evocations


You had 5 spell levels left.
You knew the following spells:

 Your Spells              Type           Power      Damage    Failure   Level
a - Blink                 Tloc           0%         N/A       100%        2

Your spell library contained the following spells:

 Spells                   Type           Power      Damage    Failure   Level
 Lesser Beckoning         Tloc           0%         N/A       100%        2
 Momentum Strike          Conj/Tloc      0%         3d8       100%        2


Dungeon Overview and Level Annotations

Branches:
Dungeon (6/15)
 Temple: D:4-7

Altars:

Shops:
D:4 :

Annotations:
D:6 Jeremiah


Innate Abilities, Weirdness & Mutations

You are immune to sickness and miasma.
Your stone body is resilient. (AC +5)
You are immune to poison.
You resist negative energy. (rN+)
You are resistant to electric shocks. (rElec)
You are resistant to unholy torment.
You are immune to petrification.


Message History

You completely miss the centaur.
The centaur is heavily wounded.
The centaur hits you but does no damage.
The centaur kicks you but does no damage.
You block the centaur's attack. The centaur kicks you.
The komodo dragon bites you!
You completely miss the centaur.
The centaur is heavily wounded.
The centaur hits you but does no damage.
The centaur kicks you.
The komodo dragon bites you but does no damage.
You hit the centaur.
The centaur looks as sick as possible!
The centaur is heavily wounded.
The centaur closely misses you. The centaur barely misses you.
The centaur hits you but does no damage.
The centaur kicks you but does no damage.
You block the komodo dragon's attack.
You barely miss the centaur.
The centaur is severely wounded.
The centaur closely misses you. x2
The komodo dragon bites you but does no damage.
You barely miss the centaur.
The centaur is severely wounded.
You block the centaur's attack. The centaur kicks you. The centaur hits you.
The centaur barely misses you.
The komodo dragon bites you but does no damage.
You hit the centaur.
The centaur looks as sick as possible!
The centaur is severely wounded.
You kill the centaur!
Jeremiah says, "Oh, this is an awfully strange dream."
The komodo dragon bites you.
Your Armour skill increases to level 5!
Your Invocations skill increases to level 5!
The komodo dragon attacks as it pursues you!
The komodo dragon bites you!!
* * * LOW HITPOINT WARNING * * *
Okay, then.
As you read the scroll of teleportation, it crumbles to dust.
You feel strangely unstable. The komodo dragon bites you!
You die...

....# #.# ..#
#.# .#..# #.#
# #.# ....#
#F# #.# .##.#
#b#
#.#########
## .# #b#
##..........
.# #b#
.############
#.# ..
#.######.#.#
#####
#.b..l@....#
.....
##.#####.#.#
#####
#)........
#....
##.#.[.#....
#.##. #..
.#......
..#...< #...
.. ' ##
#......)
#..#. ..
##.#....
..#... .. ..
#.... #......
. ####..


You could see a komodo dragon.

Vanquished Creatures
  Grinder (D:5)
  An ice beast (D:5)
  3 centaurs
  An ogre (D:5)
  2 scorpions (D:4)
  2 jellies
  An orc priest (D:4)
  2 bombardier beetles
  5 hounds
  2 orc wizards (D:4)
  2 iguanas
  9 adders
  4 gnolls (D:4)
  A white imp (D:5)
  2 ufetubi (D:3)
  2 dart slugs (D:4)
  2 ribbon worms
  12 orcs
  3 ball pythons
  5 bats
  7 endoplasms
  2 goblins
  4 hobgoblins
  4 quokkas
  4 frilled lizards
  6 kobolds
  4 rats
93 creatures vanquished.

Notes
Turn   | Place    | Note
-------+----------+-------------------------------------------
     0 | D:1      | Gadfly the Gargoyle Fighter began the quest for the Orb.
     0 | D:1      | Reached XP level 1. HP: 14/14 MP: 1/1
   170 | D:1      | Reached XP level 2. HP: 19/19 MP: 2/2
   780 | D:2      | Reached skill level 1 in Invocations
   780 | D:2      | Reached XP level 3. HP: 22/23 MP: 3/3
   816 | D:2      | Reached skill level 1 in Evocations
   949 | D:2      | Reached XP level 4. HP: 28/28 MP: 5/5
  1562 | D:3      | You fall into a shaft and drop 2 floors!
  1562 | D:5      | Entered Level 5 of the Dungeon
  1572 | D:5      | Noticed an ogre
  1589 | D:5      | Killed an ogre
  1590 | D:5      | Reached XP level 5. HP: 8/33 MP: 6/6
  1796 | D:4      | HP: 1/33 [iguana (3)]
  2103 | D:3      | Reached XP level 6. HP: 31/38 MP: 7/7
  2744 | D:4      | Found Fupoxtet's Book Emporium.
  2979 | D:4      | Reached XP level 7. HP: 41/43 MP: 9/9
  2991 | D:4      | Identified the ring "Medgho" {rF+ rC- Str+8 Slay+4}
  3994 | D:5      | Reached XP level 8. HP: 47/48 MP: 11/11
  3997 | D:5      | Learned a level 2 spell: Blink
  3998 | D:5      | Noticed Grinder
  4021 | D:5      | Paralysed by Grinder for 4 turns
  4034 | D:5      | Paralysed by Grinder for 3 turns
  4036 | D:5      | Killed Grinder
  5023 | D:6      | Reached skill level 5 in Fighting
  5023 | D:6      | Reached skill level 5 in Maces & Flails
  5070 | D:6      | Noticed Jeremiah
  5109 | D:6      | Noticed a komodo dragon
  5124 | D:6      | Reached skill level 5 in Armour
  5124 | D:6      | Reached skill level 5 in Invocations
  5128 | D:6      | Slain by a komodo dragon

Illustrated notes

Levels and vault maps discovered:
D:1:      nzn_arrival_water_spiral, layout_basic
D:2:      layout_rooms
D:3:      layout_basic
D:4:      layout_basic, serial_shops, shop
D:5:      layout_loops_corners, uniq_grinder
D:6:      layout_basic, minmay_temple_entry_crystal_x, uniq_jeremiah,
          uniq_sigmund, uniq_pikel

Skill      XL: |  1  2  3  4  5  6  7  8 |
---------------+-------------------------+-----
Invocations    | 1 2 3 4 5 |  5.0
Evocations     | 1 2 3 4 |  4.2
Maces & Flails | 3 4 5 |  5.1
Fighting       | 4 5 |  5.1
Armour         | 4 5 |  5.0
Shields        | 4 |  4.8

Action                     |  1- 3 |  4- 6 |  7- 9 || total
---------------------------+-------+-------+-------++-------
  Melee: Flail             |    99 |       |       ||    99
         Dagger            |     5 |   127 |   148 ||   280
         Mace              |       |     3 |       ||     3
    Use: Scroll            |     2 |     5 |     1 ||     8
         Potion            |       |     3 |       ||     3
 Armour: Plate armour      |    82 |   107 |   148 ||   337
         Scale mail        |    11 |       |       ||    11
  Dodge: Dodged            |    28 |    49 |    50 ||   127
  Block: Buckler           |    23 |    31 |    34 ||    88
